Map: Abyssal Reef LE

Players

Neeblet (Neeb)

  • Race: Protoss Protoss
  • League: Master
  • Spawn Location: 5:00

Guru - Winner!

  • Race: Zerg Zerg
  • League: Grandmaster
  • Spawn Location: 11:00

Event: HomeStory Cup XVI

VOD

Have the link to the VOD?

Description

Time

  • Played on: Nov. 9, 2017, 7:51 a.m.
  • Length: 16:04

All games in this series

Show
View Real Time Build Order
Export as new Build Order

Neeblet Protoss 

Build Orders:  

Get SALT Encoding   

  12  0:02  Probe (Chrono Boost)  
  13  0:14  Pylon  
  13  0:20  Probe (Chrono Boost)  
  14  0:32  Gateway  
  15  0:36  Probe (Chrono Boost)  
  15  0:41  Assimilator  
  15  0:48  Probe (Chrono Boost)  
  16  1:01  Probe (Chrono Boost)  
  17  1:07  Gateway  
  18  1:13  Probe (Chrono Boost)  
  18  1:19  Cybernetics Core  
  18  1:25  Probe (Chrono Boost)  
  19  1:31  Pylon  
  19  1:45  Adept x2  
  23  2:03  Nexus  
  23  2:12  Adept  
  25  2:15  Adept  
  25  2:20  Probe (Chrono Boost)  
  28  2:24  Assimilator  
  28  2:32  Probe (Chrono Boost)  
  28  2:35  Pylon  
  29  2:44  Probe (Chrono Boost)  
  30  2:50  Probe (Chrono Boost)  
  30  2:52  Warp Gate  
  31  2:58  Probe (Chrono Boost)  
  32  3:10  Probe (Chrono Boost)  
  32  3:11  Stargate  
  33  3:15  Adept  
  33  3:18  Probe (Chrono Boost)  
  36  3:23  Probe (Chrono Boost)  
  36  3:25  Adept  
  37  3:30  Probe (Chrono Boost)  
  37  3:35  Probe (Chrono Boost)  
  34  3:42  Adept, Probe (Chrono Boost)  
  34  3:44  Gateway  
  34  3:48  Void Ray  
  37  3:49  Shield Battery  
  40  4:04  Adept  
  42  4:10  Pylon  
  42  4:15  Pylon  
  42  4:18  Gateway  
  42  4:23  Oracle  
  42  4:31  Shield Battery  
  42  4:32  Pylon  
  45  4:44  Probe (Chrono Boost)  
  38  4:50  Probe (Chrono Boost)  
  38  4:52  Probe (Chrono Boost)  
  33  4:59  Probe (Chrono Boost)  
  34  5:04  Probe (Chrono Boost)  
  36  5:07  Oracle  
  36  5:11  Probe (Chrono Boost)  
  37  5:14  Probe (Chrono Boost)  
  37  5:20  Probe (Chrono Boost)  
  41  5:23  Probe (Chrono Boost)  
  43  5:30  Probe (Chrono Boost)  
  43  5:35  Probe (Chrono Boost)  
  46  5:42  Probe (Chrono Boost)  
  46  5:47  Probe (Chrono Boost)  
  47  5:55  Probe (Chrono Boost)  
  48  5:57  Assimilator  
  48  5:59  Assimilator, Probe (Chrono Boost)  
  48  6:00  Stargate  
  49  6:07  Probe (Chrono Boost)  
  51  6:11  Probe (Chrono Boost)  
  52  6:18  Pylon  
  52  6:19  Probe (Chrono Boost)  
  52  6:20  Oracle  
  52  6:23  Probe (Chrono Boost)  
  53  6:31  Probe (Chrono Boost)  
  57  6:33  Oracle  
  57  6:36  Probe (Chrono Boost)  
  54  6:43  Probe (Chrono Boost)  
  54  6:46  Zealot x2  
  63  6:48  Probe (Chrono Boost)  
  64  6:55  Probe (Chrono Boost)  
  64  6:56  Nexus  
  64  6:57  Pylon  
  64  6:58  Oracle  
  64  7:00  Probe (Chrono Boost)  
  69  7:08  Pylon  
  69  7:11  Adept x2  
  69  7:14  Probe (Chrono Boost)  
  69  7:15  Probe (Chrono Boost)  
  65  7:25  Oracle  
  65  7:26  Oracle, Probe (Chrono Boost)  
  65  7:27  Probe (Chrono Boost)  
  74  7:38  Probe (Chrono Boost)  
  74  7:40  Zealot x2  
  74  7:41  Pylon x2  
  78  7:52  Nexus  
  78  7:53  Pylon  
  78  7:58  Pylon  
  78  8:00  Probe x2 (Chrono Boost)  
  78  8:04  Oracle x2  
  75  8:12  Probe x2 (Chrono Boost)  
  74  8:15  Stargate  
  74  8:18  Assimilator, Probe (Chrono Boost)  
  74  8:24  Assimilator, Probe (Chrono Boost)  
  74  8:26  Probe (Chrono Boost)  
  76  8:31  Pylon  
  77  8:36  Pylon  
  77  8:37  Probe (Chrono Boost)  
  77  8:39  Probe (Chrono Boost)  
  77  8:40  Oracle  
  82  8:48  Oracle  
  83  8:49  Probe (Chrono Boost)  
  83  8:51  Probe (Chrono Boost)  
  83  8:52  Oracle, Pylon  
  83  8:53  Adept  
  83  8:55  Adept  
  91  9:01  Probe (Chrono Boost)  
  93  9:03  Probe (Chrono Boost)  
  93  9:08  Probe (Chrono Boost)  
  97  9:17  Oracle  
  97  9:22  Oracle  
  97  9:23  Oracle, Shield Battery  
  100  9:26  Gateway  
  100  9:28  Zealot x2  
  110  9:48  Oracle  
  110  9:49  Nexus  
  110  9:52  Oracle  
  110  9:53  Gateway  
  110  9:55  Forge  
  116  10:00  Pylon  
  116  10:02  Oracle  
  119  10:08  Pylon  
  119  10:10  Probe x2 (Chrono Boost)  
  119  10:11  Probe (Chrono Boost)  
  122  10:14  Oracle  
  122  10:18  Oracle  
  124  10:22  Probe (Chrono Boost)  
  124  10:23  Probe (Chrono Boost)  
  124  10:27  Probe (Chrono Boost)  
  128  10:29  Gateway  
  128  10:30  Assimilator  
  128  10:34  Assimilator  
  132  10:36  Oracle  
  132  10:40  Zealot x2  
  132  10:41  Sentry  
  132  10:42  Oracle  
  142  10:45  Pylon  
  140  10:52  Probe x2 (Chrono Boost)  
  140  10:56  Probe (Chrono Boost)  
  146  10:57  Protoss Ground Weapons Level 1  
  146  10:58  Oracle, Twilight Council  
  146  11:04  Zealot x3  
  152  11:05  Pylon  
  152  11:06  Oracle  
  155  11:15  Oracle  
  158  11:18  Charge  
  150  11:28  Zealot x3  
  150  11:29  Zealot  
  150  11:32  Oracle  
  122  11:34  Oracle  
  122  11:35  Probe (Chrono Boost)  
  122  11:36  Probe x2 (Chrono Boost)  
  125  11:41  Photon Cannon  
  128  11:50  Probe x3 (Chrono Boost)  
  128  11:51  Probe (Chrono Boost)  
  128  11:53  Zealot  
  134  11:55  Zealot x3  
  134  11:59  Oracle  
  145  12:02  Probe x2 (Chrono Boost)  
  145  12:06  Stargate  
  145  12:07  Stargate  
  145  12:12  Oracle  
  148  12:18  Zealot x4  
  148  12:21  Oracle  
  149  12:26  Oracle  
  140  12:35  Sentry  
  142  12:42  Zealot x4  
  150  12:51  Shield Battery  
  153  12:52  Oracle  
  153  12:53  Shield Battery, Pylon  
  153  12:54  Shield Battery  
  159  12:59  Protoss Shields Level 1  
  159  13:04  Nexus  
  159  13:08  Fleet Beacon  
  159  13:09  Oracle  
  159  13:10  Oracle  
  159  13:12  Zealot  
  159  13:13  Zealot x2  
  159  13:17  Pylon  
  165  13:23  Oracle x2  
  174  13:27  Probe x2 (Chrono Boost)  
  174  13:28  Probe (Chrono Boost)  
  174  13:30  Assimilator  
  174  13:32  Assimilator  
  174  13:45  Zealot x5  
  184  13:51  Oracle x2  
  190  13:56  Oracle  
  193  14:05  Zealot x3  
  193  14:06  Zealot x2  
  196  14:29  Oracle x3  
  196  14:31  Oracle  
  189  14:35  Oracle  
  189  14:36  Zealot x5  
  191  14:58  Zealot x2  
  191  14:59  Zealot x2  
  191  15:12  Oracle x2  
  194  15:20  Oracle  
  168  15:21  Oracle x2  
  168  15:22  Zealot x5  
  168  15:27  Shield Battery  
  168  15:28  Shield Battery  
  175  15:31  Shield Battery  
  136  15:44  Zealot x5  
  130  15:51  Gateway  
  130  15:55  Gateway x2  
Show
View Real Time Build Order
Export as new Build Order

Guru Zerg - Winner!

Build Orders: Hatch First 

Get SALT Encoding   

  12  0:01  Drone  
  13  0:13  Overlord  
  13  0:18  Drone  
  14  0:32  Drone x2  
  16  0:36  Drone  
  17  0:53  Hatchery  
  17  0:57  Drone  
  17  1:10  Spawning Pool  
  16  1:15  Extractor, Drone  
  16  1:20  Drone  
  16  1:23  Drone  
  18  1:30  Drone  
  19  1:57  Queen  
  19  1:58  Zergling x2  
  22  2:05  Queen  
  22  2:07  Drone x3  
  27  2:13  Drone  
  27  2:14  Metabolic Boost  
  28  2:23  Extractor x2, Zergling x4  
  28  2:29  Overlord  
  26  2:45  Zergling x2  
  26  2:46  Zergling x2  
  26  2:48  Zergling x4  
  29  2:54  Zergling x2  
  30  2:58  Evolution Chamber  
  30  2:59  Zergling x2  
  30  3:05  Zergling x2  
  30  3:08  Queen  
  30  3:09  Overlord  
  30  3:10  Zergling x4  
  30  3:11  Zergling x2  
  34  3:18  Overlord  
  34  3:21  Zergling x4  
  33  3:35  Drone  
  33  3:36  Drone x2  
  33  3:38  Drone  
  35  3:42  Drone x2  
  35  3:43  Drone  
  39  3:48  Drone  
  39  3:50  Drone  
  39  3:53  Drone  
  41  3:58  Drone  
  42  4:05  Drone  
  43  4:12  Drone x3  
  43  4:13  Drone  
  43  4:14  Drone  
  47  4:23  Zergling x2  
  46  4:25  Zergling x2  
  46  4:29  Drone x3  
  50  4:31  Drone  
  51  4:43  Overlord  
  47  4:49  Overlord  
  43  4:55  Hatchery  
  43  4:57  Zerg Melee Weapons Level 1  
  42  5:00  Lair  
  42  5:02  Zergling x8  
  42  5:06  Zergling x4  
  42  5:07  Zergling x4  
  49  5:14  Queen  
  49  5:17  Zergling x2  
  49  5:18  Zergling x4  
  54  5:21  Spore Crawler  
  54  5:24  Zergling x4  
  55  5:31  Zergling x4  
  55  5:32  Zergling x6  
  55  5:34  Overlord  
  60  5:39  Spore Crawler, Drone  
  60  5:52  Overlord  
  60  5:56  Overlord  
  60  5:57  Overlord  
  60  6:00  Overlord  
  60  6:02  Overlord  
  60  6:10  Queen  
  62  6:11  Drone x2  
  62  6:12  Drone x2  
  62  6:17  Drone x3  
  69  6:26  Spore Crawler  
  67  6:35  Drone  
  67  6:36  Drone x5  
  67  6:37  Drone  
  67  6:38  Queen  
  74  6:42  Drone  
  74  6:45  Spore Crawler  
  74  6:46  Extractor, Hydralisk Den  
  72  6:47  Drone x2  
  72  6:52  Drone  
  75  6:56  Extractor  
  75  6:57  Extractor, Drone  
  75  6:58  Drone  
  75  7:02  Drone  
  75  7:03  Queen  
  75  7:06  Zerg Missile Weapons Level 1  
  77  7:13  Drone x3  
  76  7:17  Drone x3  
  76  7:19  Drone x3  
  76  7:20  Drone  
  83  7:26  Drone x2  
  83  7:27  Muscular Augments  
  85  7:30  Drone x4  
  85  7:35  Extractor x2  
  87  7:38  Drone x2  
  87  7:43  Overlord  
  89  7:45  Overlord  
  89  7:47  Overlord  
  85  7:53  Drone x3  
  70  8:05  Drone x2  
  70  8:06  Drone x4  
  70  8:08  Drone x2  
  70  8:10  Hydralisk x3  
  81  8:13  Hydralisk x2  
  85  8:23  Drone  
  85  8:24  Hydralisk  
  85  8:26  Hydralisk x3, Hatchery  
  89  8:31  Drone  
  89  8:32  Drone  
  95  8:34  Hydralisk  
  95  8:35  Hydralisk  
  99  8:42  Hydralisk  
  99  8:43  Hydralisk x2  
  99  8:45  Overlord  
  105  8:50  Overlord  
  105  8:53  Drone  
  105  8:54  Hydralisk x2  
  105  8:55  Evolution Chamber  
  109  8:57  Hydralisk  
  111  9:03  Hydralisk  
  111  9:04  Hydralisk  
  111  9:07  Hydralisk  
  117  9:10  Zerg Missile Weapons Level 2  
  117  9:23  Hydralisk x6  
  129  9:36  Overlord  
  129  9:37  Overlord  
  129  9:43  Zerg Ground Armor Level 1, Drone x2  
  129  9:44  Drone x2  
  133  9:48  Drone x3  
  136  9:53  Overlord  
  136  10:03  Infestation Pit  
  136  10:05  Extractor  
  134  10:09  Extractor  
  134  10:10  Drone x3  
  134  10:11  Drone x3  
  139  10:25  Zergling x2  
  139  10:26  Hydralisk x3  
  139  10:27  Hydralisk x6  
  139  10:28  Hydralisk  
  160  10:29  Overlord x2  
  160  10:34  Overlord  
  160  10:48  Overseer  
  160  10:50  Hive, Infestor x3  
  160  10:51  Infestor  
  160  10:54  Drone  
  160  10:55  Drone  
  170  10:59  Zergling x10  
  170  11:00  Zergling x12  
  170  11:01  Zergling x2  
  170  11:02  Zergling x2  
  183  11:04  Zergling x2  
  184  11:13  Overlord  
  184  11:24  Hydralisk  
  184  11:25  Hydralisk x2  
  178  11:26  Hydralisk x2  
  178  11:28  Hydralisk x4  
  178  11:32  Hydralisk  
  140  11:33  Hydralisk x7  
  140  11:36  Hydralisk  
  140  11:38  Hydralisk  
  146  11:48  Hydralisk x5  
  146  11:53  Hydralisk x3  
  162  11:56  Hydralisk  
  162  11:59  Hydralisk x2  
  167  12:02  Hydralisk  
  167  12:07  Overlord  
  169  12:10  Hydralisk x3  
  169  12:13  Drone x2  
  169  12:14  Drone  
  176  12:21  Hydralisk  
  176  12:22  Hydralisk x2  
  153  12:33  Hydralisk x3  
  153  12:35  Hydralisk x4  
  153  12:36  Hydralisk  
  169  12:44  Zerg Missile Weapons Level 3  
  169  12:45  Drone x2  
  169  12:49  Spore Crawler  
  169  12:51  Spore Crawler  
  169  12:53  Spore Crawler  
  169  12:57  Drone  
  169  13:05  Infestor x2  
  169  13:06  Spore Crawler  
  169  13:07  Hatchery  
  171  13:15  Zerg Ground Armor Level 2  
  171  13:24  Hydralisk x3  
  171  13:25  Hydralisk  
  171  13:26  Pneumatized Carapace, Overseer  
  179  13:27  Burrow  
  179  13:30  Hydralisk  
  179  13:33  Drone x3  
  179  13:34  Hydralisk x2  
  184  13:36  Hydralisk  
  184  13:38  Hydralisk  
  192  13:49  Hydralisk x4  
  200  14:00  Overlord  
  174  14:24  Hydralisk x2  
  169  14:38  Hydralisk x2  
  169  14:39  Hydralisk x5  
  169  14:41  Hydralisk  
  169  14:42  Hydralisk x2  
  189  14:45  Hydralisk x2  
  189  14:48  Hydralisk x3  
  199  15:03  Spore Crawler  
  186  15:09  Spore Crawler  
  162  15:17  Hydralisk x4  
  162  15:18  Hydralisk x16  
  200  15:38  Hydralisk x2  
  172  15:46  Zergling x2  
  172  15:47  Drone x2  
Tags
 
Add a new tag
Caveats
  • Supply blocks, unpowered buildings, or Contaminate may cause inaccurate times.
  • Supply counts are checked every 10 seconds.